 Dungeon Crawl Stone Soup version 0.25.1-11-g244df3a29b (webtiles) character file.

Game seed: 11692133494606167483

87 DeepDeath the Chopper (level 4, -1/48 HPs)
             Began as an Ogre Fighter on Apr 6, 2024.
             Slain by a sky beast (6 damage)
             ... on level 6 of the Dungeon.
             The game lasted 00:04:25 (1932 turns).

DeepDeath the Chopper (Ogre Fighter)                Turns: 1932, Time: 00:04:25

Health: -1/48      AC:  3    Str: 20    XL:     4   Next: 51%
Magic:  4/4        EV:  8    Int:  9    God:
Gold:   114        SH:  9    Dex:  9    Spells: 3/3 levels left

rFire    . . .     SeeInvis .   a - +1 war axe
rCold    . . .     Gourm    .   m - +1 kite shield
rNeg     . . .     Faith    .   o - +0 robe
rPois    .         Spirit   .   (helmet restricted)
rElec    .         Reflect  .   (no cloak)
rCorr    .         Harm     .   (gloves unavailable)
MR       .....                  (boots unavailable)
Stlth    +.........             (no amulet)
HPRegen  0.16/turn              (no ring)
MPRegen  0.09/turn              (no ring)

@: no status effects
A: large, unfitting armour, tough skin 1
a: no special abilities


You were on level 6 of the Dungeon.
You were hungry.

You visited 1 branch of the dungeon, and saw 4 of its levels.

You collected 114 gold pieces.

Inventory:

Hand Weapons
 a - a +1 war axe (weapon)
 r - a +2 whip of pain
Missiles
 e - 49 stones (quivered)
 g - 4 boomerangs
Armour
 m - a +1 kite shield (worn)
 o - a +0 robe (worn)
Scrolls
 h - a scroll of enchant armour
 p - 3 scrolls of teleportation
Potions
 b - a potion of heal wounds
 d - a potion of might
 n - a potion of mutation
 q - a potion of haste {unknown}
 t - 2 potions of cancellation
 v - a potion of brilliance {unknown}
Comestibles
 f - 4 rations
 k - 3 chunks of flesh


   Skills:
 - Level 4.0 Fighting
 + Level 4.6 Axes
 - Level 2.6 Dodging
 - Level 2.6 Shields


You had 3 spell levels left.
You didn't know any spells.
Your spell library contained the following spells:

 Spells                   Type           Power        Failure   Level  Hunger
 Corona                   Hex            #......      85%         1    ##.....
 Ensorcelled Hibernation  Hex/Ice        #.....       94%         2    ###....
 Confusing Touch          Hex            #.......     99%         3    ####...
 Dazzling Flash           Conj/Hex       #.....       99%         3    ####...
 Tukima's Dance           Hex            #.......     99%         3    ####...


Dungeon Overview and Level Annotations

Branches:
Dungeon (3/15)

Altars:
Elyvilon
Makhleb


Innate Abilities, Weirdness & Mutations

You are too large for most types of armour.
You have tough skin. (AC +1)


Message History

You kill the adder!
You closely miss the sky beast. You barely miss the hound zombie.
You are feeling hungry.
You block the hound zombie's attack. The sky beast hits you.
The sky beast shocks you.
You see here an adder corpse.
You are too injured to fight recklessly!
You are too injured to fight recklessly!
You are too injured to fight recklessly!
You miss the sky beast. The sky beast hits you. The sky beast shocks you.
You barely miss the sky beast. The sky beast hits you.
* * * LOW HITPOINT WARNING * * *
The sky beast shocks you.
* * * LOW HITPOINT WARNING * * *
You slash the sky beast!
The sky beast is moderately wounded.
The sky beast hits you.
* * * LOW HITPOINT WARNING * * *
The sky beast shocks you.
You die...

##.##.#... ....##
##.......###......
#................#
...........[...#
##..........#
#...........#
#Z....†.....#
#Y#########.# #@#
... #.....# ?....
#.....### ....
#..... ..Z. #....
#####


You could see a sky beast and a hound zombie.

Vanquished Creatures
  3 adders
  2 oozes
  A worm (D:2)
  A dart slug (D:1)
  2 leopard geckos
  3 giant cockroaches
  7 goblins
  5 hobgoblins
  A jackal (D:6)
  A quokka (D:6)
  3 ball pythons
  6 bats
  2 frilled lizards
  4 kobolds
  4 rats
45 creatures vanquished.

Notes
Turn   | Place    | Note
-------+----------+-------------------------------------------
     0 | D:1      | DeepDeath the Ogre Fighter began the quest for the Orb.
     0 | D:1      | Reached XP level 1. HP: 24/24 MP: 1/1
   118 | D:1      | Reached XP level 2. HP: 21/32 MP: 2/2
   691 | D:2      | Reached XP level 3. HP: 39/39 MP: 3/3
  1100 | D:2      | Found a burning altar of Makhleb.
  1584 | D:2      | Reached XP level 4. HP: 17/48 MP: 4/4
  1892 | D:3      | Found a white marble altar of Elyvilon.
  1907 | D:3      | You fall into a shaft and drop 3 floors!
  1917 | D:6      | Noticed a sky beast
  1932 | D:6      | Slain by a sky beast

Illustrated notes

Levels and vault maps discovered:
D:1:      lightli_arrival_maybe_door_vault, layout_loops_ring, glass_columns_b
D:2:      layout_basic, overflow_temple_1_default
D:3:      layout_rooms, elyvilon_altar_4, first_ration, kennysheep_slug_shrine,
          uniq_sigmund
D:6:      layout_rooms, grunt_temple_overflow_diamond,
          cheibrodos_sewer_entry_bend

Skill      XL: |  1  2  3 |
---------------+----------+-----
Axes           | 3 4 |  4.6
Fighting       | |  4.0
Dodging        | |  2.6
Shields        | |  2.6

Action                   |  1- 3 |  4- 6 || total
-------------------------+-------+-------++-------
Melee: War axe           |   115 |    26 ||   141
  Use: Potion            |     2 |     1 ||     3
       Scroll            |       |     9 ||     9
 Stab: Sleeping          |       |     1 ||     1
  Eat: Chunk             |     2 |     1 ||     3
Armor: Robe              |    30 |    14 ||    44
Dodge: Dodged            |    37 |    14 ||    51
Block: Kite shield       |    57 |    18 ||    75
